 Dungeon Crawl Stone Soup version 0.22-a0-480-g991dd4b (webtiles) character file.

407 KillYourself the Covered (level 6, -5/82 HPs)
             Began as a Minotaur Fighter on June 16, 2018.
             Killed by divine providence
             ... invoked by an orc priest
              (15 damage)
             ... on level 3 of the Dungeon.
             The game lasted 00:07:18 (1763 turns).

KillYourself the Covered (Minotaur Fighter)         Turns: 1763, Time: 00:07:19

Health: -5/82      AC: 23    Str: 23    XL:     6   Next: 57%
Magic:  5/5        EV:  2    Int:  5    God:
Gold:   83         SH: 10    Dex:  9    Spells: 5/5 levels left

rFire    . . .     SeeInvis .   a - +0 long sword
rCold    . . .     Gourm    .   c - +0 shield
rNeg     + + +     Faith    .   (armour currently unavailable)
rPois    +         Spirit   .   (helmet currently unavailable)
rElec    .         Reflect  .   (cloak currently unavailable)
rCorr    .         Harm     .   (gloves currently unavailable)
MR       .....     NoTele   +   (boots currently unavailable)
Stlth    +.........             (no amulet)
HPRegen  0.23/turn              (no ring)
MPRegen  0.09/turn              (no ring)

@: tree-form
A: (retaliatory headbutt)
a: no special abilities


You were on level 3 of the Dungeon.
You were not hungry.
You were a tree.
You visited 1 branch of the dungeon, and saw 3 of its levels.

You collected 83 gold pieces.

Inventory:

Hand Weapons
 a - a +0 long sword (weapon)
Armour
 b - a +0 scale mail (melded)
 c - a +0 shield (worn)
 m - a scarf of repulsion (melded)
 p - a +0 cloak
Jewellery
 l - an uncursed ring of see invisible {unknown}
 n - an uncursed ring of see invisible {unknown}
Scrolls
 e - a scroll of fog {unknown}
 h - 2 scrolls of remove curse
 j - a scroll of amnesia
 o - a scroll of teleportation {unknown}
 r - a scroll of identify
Potions
 d - a potion of might
 g - 2 potions of brilliance
 i - 2 potions of lignification
 k - 3 potions of curing {unknown}
Comestibles
 f - 6 rations
 q - 2 chunks of flesh


   Skills:
 + Level 4.9 Fighting
 + Level 4.9 Long Blades
 + Level 5.3 Armour
 + Level 2.0 Dodging
 + Level 5.2 Shields


You had 5 spell levels left.
You didn't know any spells.
Your spell library was empty.

Dungeon Overview and Level Annotations

Branches:
Dungeon (3/15)

Altars:

Portals:
Sewer: D:3

Annotations:
D:3 Jessica


Innate Abilities, Weirdness & Mutations

((You reflexively headbutt those who attack you in melee.))
((You have a pair of horns on your head.))


Message History

You hit the orc priest.
The orc priest is almost dead.
The orc priest hits you but does no damage.
You barely miss the orc priest.
The orc priest is almost dead.
The orc priest hits you but does no damage.
You barely miss the orc priest.
The orc priest is almost dead.
The orc priest hits you but does no damage.
Jessica gestures wildly.
You barely miss the orc priest.
The orc priest is almost dead.
Jessica mumbles some strange words.
Jessica blinks!
The orc priest miscasts a cantrip.
You barely miss the orc priest.
The orc priest is almost dead.
The orc priest calls down the wrath of Beogh upon you.
Beogh smites you!
You die...

.###.............#....#
## ##...........##....#
.......##.........#
########..####....#
...# ##....# ###
##.....# . #......# .
#.###### . #♣# #o# #K#
.## #§######
...#####......#
#......@.....#
.....###......#
####...#......#
##...)....#


You could see an orc priest, Jessica and a kobold.

Vanquished Creatures
  The ghost of ThereIsNoGod the Ruffian, an amateur DrTm (D:3)
  A water moccasin skeleton (D:2)
  An orc priest (D:3)
  Ijyb (D:3)
  An orc wizard (D:3)
  Terence (D:3)
  4 adders
  An ooze (D:1)
  2 worms
  8 orcs (D:3)
  3 giant cockroaches
  5 goblins (D:2)
  2 hobgoblins (D:1)
  3 quokkas
  12 bats
  3 frilled lizards
  12 kobolds
  5 rats
66 creatures vanquished.

Notes
Turn   | Place    | Note
-------+----------+-------------------------------------------
     0 | D:1      | KillYourself the Minotaur Fighter began the quest for the Orb.
     0 | D:1      | Reached XP level 1. HP: 19/19 MP: 0/0
    75 | D:1      | Reached XP level 2. HP: 26/27 MP: 1/1
   661 | D:2      | Reached XP level 3. HP: 23/33 MP: 2/2
   661 | D:2      | Reached XP level 4. HP: 28/40 MP: 3/3
  1097 | D:3      | Noticed ThereIsNoGod's ghost (amateur DrTm)
  1112 | D:3      | Reached skill level 1 in Dodging
  1140 | D:3      | Found a glowing drain.
  1149 | D:3      | HP: 2/41 [worm (5)]
  1177 | D:3      | Killed ThereIsNoGod's ghost
  1177 | D:3      | Reached XP level 5. HP: 25/47 MP: 4/4
  1339 | D:3      | Reached XP level 6. HP: 53/53 MP: 5/5
  1397 | D:3      | Reached skill level 5 in Armour
  1397 | D:3      | Reached skill level 5 in Shields
  1652 | D:3      | Noticed Terence
  1664 | D:3      | Killed Terence
  1701 | D:3      | Noticed Ijyb
  1701 | D:3      | Noticed Jessica
  1721 | D:3      | Killed Ijyb
  1763 | D:3      | Killed from afar by an orc priest

Vault maps used:
D:1:      lightli_arrival_quake, patterned_corridor
D:2:      first_ration
D:3:      lemuel_crystal_altar, cheibrodos_sewer_entry_bend,
          supply_closet_lemuel, uniq_ijyb, uniq_terence, uniq_jessica

Skill      XL: |  1  2  3  4  5  6 |
---------------+-------------------+-----
Armour         | 4 5 |  5.3
Shields        | 4 5 |  5.2
Fighting       | 4 |  4.9
Long Blades    | 3 4 |  4.9
Dodging        | 1 2 |  2.0

Action                   |  1- 3 |  4- 6 || total
-------------------------+-------+-------++-------
Melee: Long sword        |    51 |   129 ||   180
       Headbutt          |     4 |    22 ||    26
  Use: Potion            |       |     4 ||     4
       Scroll            |       |     2 ||     2
  Eat: Ration            |       |     1 ||     1
Armor: Scale mail        |    37 |    52 ||    89
       Skin              |       |    13 ||    13
Dodge: Dodged            |    23 |    40 ||    63
       Deflected         |       |     2 ||     2
Block: Shield            |    32 |    82 ||   114
       Rpst.: Long sword |     4 |    17 ||    21

Table legend:
 A = Spawn XP
 B = Non-spawn XP
 C = Spawn XP percentage of total XP
 D = Spawn monster count
 E = Non-spawn monster count
 F = Spawn count percentage of total count
 G = Total turns spent on level
                    A         B        C        D         E        F      G
               +---------+---------+-------+---------+---------+-------+---------
         Total |       0 |     582 |   0.0 |       0 |      66 |   0.0 |  1763
               +---------+---------+-------+---------+---------+-------+---------
           D:1 |       0 |      37 |   0.0 |       0 |      22 |   0.0 |   652
           D:2 |       0 |     109 |   0.0 |       0 |      18 |   0.0 |   436
           D:3 |       0 |     436 |   0.0 |       0 |      26 |   0.0 |   675
               +---------+---------+-------+---------+---------+-------+---------
